Map: Malwarfare

Players

BunnyLove

  • Race: Terran Terran

Piston

  • Race: Terran Terran
  • Spawn Location: 7:00

VOD

Have the link to the VOD?

Description

Time

  • Played on: March 7, 2018, 5:31 p.m.
  • Length: 27:18
Show
View Real Time Build Order
Export as new Build Order

BunnyLove Terran 

Build Orders:  

Get SALT Encoding   

  12  0:05  Starport Tech Lab  
  12  0:08  SCV  
  13  0:25  SCV  
  13  0:26  Supply Depot  
  15  0:43  SCV  
  16  1:01  SCV  
  16  1:02  Assault Galleon  
  16  1:17  Refinery  
  16  1:18  SCV  
  17  1:35  SCV  
  18  1:42  Assault Galleon  
  19  1:52  SCV  
  19  2:09  SCV  
  20  2:26  SCV  
  22  2:43  SCV  
  22  2:49  Refinery  
  23  3:00  SCV  
  23  3:01  Command Center  
  23  3:17  SCV  
  24  3:20  Engineering Bay  
  25  3:34  SCV  
  26  3:50  SCV  
  26  3:52  Supply Depot  
  26  3:56  Reaper x2  
  28  4:06  Reaper x2  
  28  4:07  SCV  
  30  4:24  SCV  
  30  4:27  Reaper x2  
  30  4:29  LE9 Cluster Charges  
  32  4:46  Reaper x2  
  34  4:56  Reaper x2  
  34  4:59  SCV  
  37  5:11  Jetpack Overdrive  
  37  5:12  Supply Depot  
  37  5:14  Command Center  
  37  5:15  Reaper x2  
  37  5:16  SCV  
  41  5:23  SCV  
  41  5:25  Reaper  
  41  5:26  Reaper  
  44  5:33  SCV  
  44  5:42  Armory  
  44  5:48  SCV  
  44  6:01  Reaper x2  
  48  6:11  Reaper x2  
  48  6:13  Supply Depot, SCV x2  
  50  6:28  Reaper x2  
  51  6:37  Reaper  
  51  6:38  Reaper  
  51  6:39  SCV x2  
  55  6:47  Reaper  
  55  6:48  Reaper  
  56  6:54  Refinery  
  56  6:56  Refinery, SCV x2  
  56  6:57  Reaper  
  56  7:20  Reaper  
  56  7:21  Reaper  
  58  7:30  Reaper x2  
  59  7:40  Reaper x2  
  57  7:50  Reaper x2  
  57  7:56  SCV  
  57  7:57  SCV  
  61  8:00  Reaper x2  
  61  8:03  Assault Galleon  
  65  8:10  Reaper x2  
  65  8:13  SCV x2  
  67  8:20  Reaper x2  
  67  8:24  Assault Galleon  
  71  8:30  Reaper x2, SCV x2  
  72  8:40  Reaper x2  
  72  8:46  Supply Depot  
  72  8:47  SCV x2  
  76  8:50  Reaper x2  
  76  8:54  Fusion Core  
  78  9:06  SCV x2  
  80  9:13  Reaper  
  80  9:16  Reaper x2  
  85  9:23  Reaper, SCV x2  
  85  9:29  Reaper  
  82  9:31  Horner Weapons Level 1  
  82  9:33  Reaper  
  82  9:39  Reaper  
  83  9:42  Assault Galleon  
  83  9:43  Reaper  
  83  9:49  Reaper  
  87  9:51  SCV x2  
  87  9:53  Reaper  
  87  9:59  Reaper  
  89  10:03  Reaper  
  89  10:06  Reaper x2  
  89  10:09  Reaper  
  93  10:13  Reaper  
  93  10:16  Reaper  
  94  10:21  Reaper x2  
  94  10:25  Reaper x2  
  93  10:31  Reaper x2  
  93  10:35  Reaper x2  
  89  10:41  Reaper x2  
  89  10:45  Reaper  
  89  10:47  Reaper x2  
  89  10:51  Reaper  
  94  11:08  Hellion, Reaper  
  94  11:09  Drone Hangar  
  91  11:13  Drone Hangar  
  91  11:18  Reaper x2  
  93  11:28  Reaper x2  
  94  11:32  Reaper  
  94  11:38  Reaper x2  
  97  11:42  Reaper  
  97  11:48  Reaper  
  99  11:50  Reaper  
  99  11:51  Reaper  
  99  11:55  Reaper  
  99  11:58  Reaper  
  107  12:00  SCV x2  
  107  12:07  Reaper  
  107  12:08  Reaper x2  
  110  12:12  Supply Depot  
  110  12:15  Supply Depot  
  110  12:18  Overcharged Reactor  
  110  12:23  SCV  
  110  12:24  Supply Depot  
  110  12:26  Reaper  
  110  12:27  Reaper  
  110  12:28  Supply Depot  
  96  12:43  Reaper x3  
  96  12:47  Reaper  
  99  12:53  Reaper  
  99  12:57  Reaper  
  107  13:03  Reaper  
  107  13:07  Reaper, Assault Galleon  
  109  13:10  Drone Hangar  
  109  13:11  Drone Hangar  
  109  13:12  Horner Weapons Level 2  
  109  13:13  Reaper  
  109  13:17  Reaper  
  111  13:21  Napalm Payload  
  111  13:22  Strike Fighter Platform  
  111  13:23  Reaper  
  111  13:24  Strike Fighter Platform  
  111  13:26  Reaper  
  117  13:41  Reaper x2  
  119  13:51  Reaper x2  
  119  13:55  Reaper x2  
  119  14:00  Reaper  
  119  14:02  Reaper  
  119  14:05  Reaper x2  
  121  14:10  Reaper  
  121  14:12  Reaper  
  121  14:15  Reaper x2  
  127  14:20  Reaper  
  127  14:22  Reaper  
  127  14:25  Reaper x2  
  131  14:30  Reaper  
  131  14:32  Reaper, Drone Hangar  
  131  14:35  Reaper  
  134  14:44  Multi-Threaded Sensors  
  138  14:51  Strike Fighter Platform  
  138  14:53  Strike Fighter Platform x2  
  138  14:55  Strike Fighter Platform  
  138  14:56  Reaper x4  
  146  15:06  Reaper x2  
  148  15:13  Reaper  
  148  15:14  Reaper x2  
  148  15:18  Reaper  
  148  15:19  Reaper  
  152  15:23  Reaper  
  159  15:30  Strike Fighter Platform  
  159  15:33  Strike Fighter Platform  
  159  15:37  Strike Fighter Platform  
  161  15:41  Reaper  
  161  15:47  Theia Raven  
  164  16:02  Supply Depot  
  164  16:08  Strike Fighter Platform  
  164  16:10  Reaper  
  164  16:11  Reaper x2  
  164  16:15  Reaper x2  
  163  16:20  Reaper  
  163  16:21  Reaper  
  163  16:22  Reaper  
  163  16:25  Reaper x2  
  167  16:30  Reaper x2  
  167  16:32  Reaper  
  167  16:35  Reaper x2  
  171  16:40  Reaper x2  
  171  16:42  Reaper  
  171  16:45  Reaper x2  
  176  16:50  Reaper x2  
  178  17:01  Reaper x2  
  178  17:02  Reaper x2  
  181  17:21  Reaper x3  
  181  17:28  Supply Depot  
  179  17:50  Reaper x2  
  179  17:51  Reaper x2  
  179  17:52  Reaper  
  184  18:00  Reaper x2  
  184  18:01  Reaper  
  180  18:10  Reaper  
  180  18:15  Reaper x4  
  180  18:19  Reaper  
  182  18:25  Reaper x4  
  182  18:29  Reaper  
  186  18:35  Reaper x4  
  186  18:39  Reaper  
  191  18:40  Horner Weapons Level 3  
  191  18:45  Reaper x4  
  191  18:49  Reaper  
  195  18:55  Reaper x4  
  195  18:59  Reaper  
  185  19:34  Sovereign Battlecruiser  
  184  20:09  Sovereign Battlecruiser  
  192  20:21  Reaper x3  
  191  20:30  Reaper x2  
  191  20:31  Reaper  
  194  20:43  Reaper  
  194  20:44  Reaper x2  
  197  20:54  Theia Raven  
  199  21:10  Reaper  
  199  21:22  Reaper  
  194  22:01  Horner Armor Level 1  
  194  22:02  Reaper  
  194  22:07  Sovereign Battlecruiser x2  
  194  22:09  Reaper  
  138  22:10  Reaper x3  
  138  22:12  Reaper  
  138  22:19  Reaper  
  133  22:20  Reaper x2  
  133  22:22  Reaper  
  133  22:29  Reaper  
  121  22:30  Reaper x2  
  121  22:32  Reaper  
  121  22:39  Reaper x2  
  124  22:40  Reaper  
  124  22:42  Reaper  
  124  22:49  Reaper x3  
  127  22:52  Reaper, Assault Galleon  
  127  22:59  Reaper x3  
  130  23:02  Reaper  
  130  23:04  Theia Raven  
  130  23:08  Reaper  
  130  23:09  Reaper x2  
  136  23:12  Reaper  
  136  23:18  Reaper  
  136  23:19  Reaper x2  
  140  23:21  Reaper  
  140  23:28  Reaper  
  140  23:29  Reaper x2  
  144  23:31  Reaper  
  144  23:38  Reaper  
  144  23:39  Reaper x2  
  148  23:41  Reaper  
  148  23:48  Reaper  
  148  23:49  Reaper  
  150  23:51  Reaper  
  150  23:58  Reaper  
  133  24:02  Reaper  
  113  24:12  Reaper  
  114  24:22  Reaper  
  113  24:31  Deimos Viking  
  113  24:32  Reaper  
  119  24:51  Deimos Viking  
  119  24:57  Reaper  
  122  25:07  Reaper  
  125  25:23  Deimos Viking  
  117  26:18  Deimos Viking  
  123  26:40  Assault Galleon  
  123  26:44  Assault Galleon x2  
  123  26:47  Assault Galleon  
Show
View Real Time Build Order
Export as new Build Order

Piston Terran 

Build Orders:  

Get SALT Encoding   

  12  1:01  SCV  
  13  1:14  Supply Depot  
  13  1:15  Supply Depot  
  13  1:17  Supply Depot  
  13  1:18  SCV  
  13  1:19  Supply Depot  
  14  1:35  SCV  
  15  1:52  SCV  
  16  5:21  SCV  
  17  5:38  SCV  
  17  5:39  Barracks  
  18  5:47  Refinery  
  18  5:50  Refinery  
  18  5:55  SCV  
  19  6:12  SCV  
  19  6:15  Barracks  
  20  6:29  SCV  
  21  6:46  SCV  
  21  6:49  Barracks  
  22  6:57  Command Center  
  22  7:03  SCV  
  23  7:19  Barracks Reactor  
  23  7:20  SCV  
  23  7:24  Barracks  
  24  7:37  SCV  
  25  7:54  SCV  
  25  7:59  Barracks  
  26  8:19  Orbital Command  
  26  8:34  Barracks Reactor  
  26  8:36  Barracks Tech Lab  
  26  8:38  Barracks Tech Lab  
  26  8:41  Barracks Reactor, Command Center  
  26  8:44  Combat Shields  
  26  8:49  Orbital Command  
  26  9:02  Supply Depot  
  26  9:04  Supply Depot  
  26  9:06  Supply Depot  
  26  9:08  SCV  
  27  9:25  SCV  
  28  9:42  SCV  
  29  10:30  Command Center  
  29  10:34  Stabilizer Medpacks  
  29  11:34  Concussive Shells  
  29  12:48  Orbital Command  
  29  12:50  Orbital Command  
  29  13:11  Engineering Bay  
  29  13:50  Engineering Bay  
  29  15:05  Terran Infantry Weapons Level 1  
  29  15:07  Terran Infantry Armor Level 1  
  29  15:26  Command Center  
  29  15:33  Supply Depot x2  
  29  15:36  Supply Depot  
  29  15:37  Supply Depot  
  29  15:39  Supply Depot  
  29  15:41  Supply Depot  
  29  15:43  Supply Depot  
  29  16:01  Supply Depot  
  29  16:02  Supply Depot  
  29  16:12  Supply Depot  
  29  16:13  Supply Depot  
  29  16:22  Command Center  
  29  17:11  Orbital Command  
  29  17:49  Factory  
  29  18:08  Orbital Command  
  29  18:41  Barracks  
  29  18:52  Armory  
  29  19:25  Barracks  
  29  20:16  Terran Infantry Weapons Level 2  
  29  20:18  Terran Infantry Armor Level 2  
  29  20:22  Barracks Reactor  
  29  20:25  Barracks Tech Lab  
  29  20:39  Barracks  
  29  20:43  Barracks  
  29  22:27  Barracks Reactor  
  29  22:33  Barracks Tech Lab  
  29  23:02  Barracks  
  29  23:04  Barracks  
  29  23:49  Barracks Reactor  
  29  23:54  Barracks Reactor  
Tags
 
Commander
HornerRaynor
Matchup
Co-op
Replay Pack
Co-op Speedrun
Add a new tag
Caveats
  • Supply blocks, unpowered buildings, or Contaminate may cause inaccurate times.
  • Supply counts are checked every 10 seconds.